Rangers vs Devils

Created - February-11-13 at 17:56

Goals
1 2 3 T
Rangers 2 1 1 4
Devils 1 4 1 6
Shots
1 2 3 T
Rangers 13 5 9 27
Devils 8 16 14 38

1st period

1. Rangers , Jiri Hudler 10 (Francois Beauchemin, Chris Kunitz) at 2:03
2. Devils , Brad Stuart 11 (Lubomir Visnovsky, James van Riemsdyk) at 7:31 (PP)
3. Rangers , Ilya Kovalchuk 29 (Daniel Alfredsson) at 13:17 (PP)

Penalties :
R.J. Umberger (NJD) for Tripping (Minor) at 3:59, Rob Scuderi (NYR) for High sticking (Minor) at 6:29, Lubomir Visnovsky (NJD) for Interference (Minor) at 12:30

2nd period

4. Devils , Jordan Leopold 7 (R.J. Umberger, Artem Anisimov) at 2:51 (PP)
5. Devils , Jordan Leopold 8 (Brad Stuart, Tim Connolly) at 6:42
6. Rangers , David Perron 13 (Vinny Prospal, Daniel Alfredsson) at 12:23
7. Devils , Patrick Eaves 2 (Marcel Goc, Jordan Leopold) at 16:44
8. Devils , Marcel Goc 7 (Niklas Hjalmarsson) at 18:12

Penalties :
Bryan Allen (NYR) for Tripping (Minor) at 2:08, Roman Hamrlik (NJD) for Tripping (Minor) at 17:25, Daniel Alfredsson (NYR) for Hooking (Minor) at 17:25

3rd period

9. Devils , Brad Stuart 12 (Lubomir Visnovsky) at 7:19 (PP)
10. Rangers , Jiri Hudler 11 (Chris Kunitz, Ryan OByrne) at 11:10

Penalties :
Brad Stuart (NJD) for Holding Stick (Minor) at 4:02, Chris Kunitz (NYR) for Holding (Minor) at 6:35, Lubomir Visnovsky (NJD) for Interference (Minor) at 19:02

Goalie Stats

Tomas Vokoun (NYR), 17 saves from 22 shots - (0.773), L, 36-13-4, 38:12 minutes
Jean-Sebastien Giguere (NYR), 15 saves from 16 shots - (0.938), 21:48 minutes
Steve Mason (NJD), 23 saves from 27 shots - (0.852), W, 15-26-7, 60:00 minutes

Players Stats for Rangers

Player Name              G  A  P  +/- PIM S  H  SB GA TA FO     MP     PP MP  PK MP  
------------------------------------------------------------------------------------
Bryan Allen              0  0  0  -1  2   0  3  0  0  0  0/0    19:21   2:06   0:19 
Chris Kunitz             0  2  2   2  2   2  1  0  0  0  1/2    11:22   0:00   0:00 
Daniel Alfredsson        0  2  2   1  2   1  0  0  0  0  0/1    15:58   3:13   0:00 
David Perron             1  0  1   1  0   2  2  0  0  0  5/9    19:41   2:29   0:00 
Francois Beauchemin      0  1  1  -1  0   0  2  0  0  0  0/0    26:32   2:06   2:04 
Frans Nielsen            0  0  0   0  0   0  0  0  0  0  5/12    8:22   0:00   2:02 
Ilya Kovalchuk           1  0  1  -2  0   3  0  0  0  0  2/4    22:34   3:13   0:00 
Jim Slater               0  0  0   0  0   1  0  0  0  0  2/2     6:47   0:00   0:27 
Jiri Hudler              2  0  2   2  0   4  0  1  0  0  10/24  14:09   2:07   0:00 
Marc Staal               0  0  0   2  0   1  1  1  0  0  0/0    16:43   3:36   0:37 
Radim Vrbata             0  0  0  -3  0   5  0  1  0  0  3/4    23:10   2:29   0:00 
Rob Scuderi              0  0  0  -1  2   0  0  0  0  0  0/0    18:09   0:00   1:13 
Ryan Jones               0  0  0   2  0   3  1  0  0  0  0/0    12:29   0:00   0:27 
Ryan OByrne              0  1  1   2  0   0  3  2  0  0  0/0    12:50   0:00   0:20 
Stephane Robidas         0  0  0  -1  0   1  6  2  0  0  0/0    26:23   3:36   0:25 
Travis Moen              0  0  0   0  0   0  1  0  0  0  0/0     8:22   0:00   2:02 
Tyler Ennis              0  0  0  -3  0   2  0  0  0  0  11/19  16:46   1:06   0:00 
Vinny Prospal            0  1  1   1  0   2  2  0  0  0  7/17   15:50   2:29   0:00 

Players Stats for Devils

Player Name              G  A  P  +/- PIM S  H  SB GA TA FO     MP     PP MP  PK MP  
------------------------------------------------------------------------------------
Artem Anisimov           0  1  1  -1  0   3  1  0  0  0  12/22  16:44   1:33   0:00 
Brad Stuart              2  1  3   2  2   3  4  0  0  0  0/0    20:52   0:56   2:24 
James van Riemsdyk       0  1  1  -1  0   3  1  0  0  0  0/0    16:07   0:56   0:00 
Jordan Leopold           2  1  3   0  0   5  0  0  0  0  0/0    23:29   1:33   3:40 
Josh Bailey              0  0  0  -1  0   0  0  0  0  0  0/1     8:49   0:56   0:00 
Lubomir Visnovsky        0  2  2  -1  4   1  3  0  0  0  0/0    23:18   0:56   1:16 
Marcel Goc               1  1  2   2  0   5  0  0  0  0  12/23  14:26   0:00   3:12 
Mark Letestu             0  0  0  -1  0   2  1  0  0  0  2/4    16:07   0:56   0:00 
Matt DAgostini           0  0  0  -1  0   0  0  0  0  0  0/1     7:53   0:00   0:00 
Matthew Lombardi         0  0  0   1  0   1  2  0  0  0  2/2    10:26   0:00   0:24 
Nikita Nikitin           0  0  0  -1  0   1  3  0  0  0  0/0    15:28   1:33   0:00 
Niklas Hjalmarsson       0  1  1   0  0   0  1  2  0  0  0/0    16:22   0:00   2:02 
Patrick Eaves            1  0  1   2  0   2  0  1  0  0  0/0    13:44   0:00   2:30 
R.J. Umberger            0  1  1   0  2   3  1  0  0  0  0/0    19:03   1:33   0:00 
Roman Hamrlik            0  0  0   0  2   0  2  0  0  0  0/0    20:27   0:00   2:02 
Saku Koivu               0  0  0   0  0   8  0  0  0  0  16/32  21:34   1:33   2:30 
Tim Connolly             0  1  1   0  0   1  0  0  0  0  1/1    17:31   0:00   0:00 
Vladimir Sobotka         0  0  0  -1  0   0  1  0  0  0  3/8     9:54   0:00   2:48 

3 Stars

1 - Brad Stuart (NJD)
2 - Jiri Hudler (NYR)
3 - Jordan Leopold (NJD)

Power Play

Rangers - 1 on 4 Attempt(s) - 25.00%
Devils - 3 on 3 Attempt(s) - 100.00%

Penalty Kill

Rangers - 0 on 3 Attempt(s) - 0.00% - Score 0 goal in Penalty Kill
Devils - 3 on 4 Attempt(s) - 75.00% - Score 0 goal in Penalty Kill

Official

Referees : Tom Kowal and Chris Rooney
Linesman : Brad Lazarowich and Michel Cormier

Game Notes

Jean-Sebastien Giguere enters game at 18:12 of 2nd period
Tyler Ennis is injured at 3:48 of 3rd period (Sports Hernia)

Finance

Level 1 -- Attendance: 5792 (96.53%) -- Ticket Income $666,080
Level 2 -- Attendance: 4433 (88.66%) -- Ticket Income $332,475
Level 3 -- Attendance: 2000 (100.00%) -- Ticket Income $110,000
Level 4 -- Attendance: 3125 (86.21%) -- Ticket Income $93,750
Luxury Box -- Attendance: 1000 (100.00%) -- Ticket Income $165,000
Game was played at the Prudential Center
Total Attendance: 16350 (92.77%)
Total Ticket Income: $1,367,305
Other Income: $205,096
Total Income: $1,572,401


% Time on Ice - Rangers

Lines # - Real PCT - Wanted PCT - Time Play
Normal Forward
1 - 39% - 40% - 19:21
2 - 26% - 30% - 12:46
3 - 23% - 20% - 11:23
4 - 13% - 10% - 6:20
Normal Defense
1 - 38% - 40% - 18:42
2 - 34% - 30% - 16:57
3 - 24% - 20% - 11:51
4 - 5% - 10% - 2:20
PP Forward
1 - 56% - 60% - 3:13
2 - 44% - 40% - 2:29
PP Defense
1 - 63% - 60% - 3:36
2 - 37% - 40% - 2:06
PK Forward
1 - 82% - 60% - 2:02
2 - 18% - 40% - 0:27
PK Defense
1 - 83% - 60% - 2:04
2 - 17% - 40% - 0:25
PK3 Forward
1 - 0% - 60%
2 - 0% - 40%
PK3 Defense
1 - 0% - 60%
2 - 0% - 40%
44 Forward
1 - 67% - 60% - 1:20
2 - 33% - 40% - 0:39
44 Defense
1 - 67% - 60% - 1:20
2 - 33% - 40% - 0:39
Last Minute Offensive  - 0:00
Last Minute Defensive  - 0:00
Total
Forward - 60:00
Defense - 60:00

% Time on Ice - Devils

Lines # - Real PCT - Wanted PCT - Time Play
Normal Forward
1 - 35% - 35% - 17:31
2 - 30% - 30% - 15:11
3 - 20% - 20% - 10:02
4 - 14% - 15% - 7:06
Normal Defense
1 - 33% - 35% - 16:21
2 - 37% - 35% - 18:26
3 - 26% - 20% - 13:08
4 - 4% - 10% - 1:55
PP Forward
1 - 62% - 60% - 1:33
2 - 38% - 40% - 0:56
PP Defense
1 - 62% - 60% - 1:33
2 - 38% - 40% - 0:56
PK Forward
1 - 56% - 55% - 3:12
2 - 44% - 45% - 2:30
PK Defense
1 - 36% - 55% - 2:02
2 - 64% - 45% - 3:40
PK3 Forward
1 - 0% - 50%
2 - 0% - 50%
PK3 Defense
1 - 0% - 50%
2 - 0% - 50%
44 Forward
1 - 61% - 55% - 1:12
2 - 39% - 45% - 0:47
44 Defense
1 - 61% - 55% - 1:12
2 - 39% - 45% - 0:47
Last Minute Offensive  - 0:00
Last Minute Defensive  - 0:00
Total
Forward - 60:00
Defense - 60:00

Play by Play

1st period


0:01 of 1st period - Tyler Ennis wins face-off versus Saku Koivu in neutral zone.
0:06 of 1st period - Shot by Tyler Ennis.
0:06 of 1st period - Stopped by Steve Mason without a rebound.
0:07 of 1st period - Vinny Prospal wins face-off versus Artem Anisimov in Devils zone.
0:07 of 1st period - David Perron is hit by Lubomir Visnovsky and loses puck.
0:24 of 1st period - Shot by James van Riemsdyk.
0:24 of 1st period - Stopped by Tomas Vokoun without a rebound.
0:25 of 1st period - Matthew Lombardi wins face-off versus Jiri Hudler in Rangers zone.
0:28 of 1st period - Shot by Marcel Goc.
0:28 of 1st period - Stopped by Tomas Vokoun without a rebound.
0:29 of 1st period - Vladimir Sobotka wins face-off versus Ilya Kovalchuk in Rangers zone.
1:05 of 1st period - Ilya Kovalchuk is hit by Brad Stuart and loses puck.
1:14 of 1st period - Shot by Radim Vrbata.
1:14 of 1st period - Stopped by Steve Mason without a rebound.
1:15 of 1st period - Saku Koivu wins face-off versus Jiri Hudler in Devils zone.
1:15 of 1st period - Tim Connolly is hit by Ryan Jones and loses puck.
1:20 of 1st period - Shot by Ryan Jones.
1:20 of 1st period - Shot Misses the Net.
1:22 of 1st period - Shot by Ryan Jones.
1:22 of 1st period - Stopped by Steve Mason without a rebound.
1:23 of 1st period - Saku Koivu wins face-off versus Frans Nielsen in Devils zone.
1:35 of 1st period - Off-side.
1:36 of 1st period - Marcel Goc wins face-off versus Vinny Prospal in neutral zone.
1:50 of 1st period - Shot by Patrick Eaves.
1:50 of 1st period - Stopped by Tomas Vokoun without a rebound.
1:51 of 1st period - Jiri Hudler wins face-off versus Artem Anisimov in Rangers zone.
1:51 of 1st period - Jiri Hudler is hit by Artem Anisimov.
2:03 of 1st period - Shot by Jiri Hudler.
2:03 of 1st period - Goal by Jiri Hudler - Rangers : 1 - Devils : 0.
2:04 of 1st period - Saku Koivu wins face-off versus Vinny Prospal in neutral zone.
2:09 of 1st period - Shot by Saku Koivu.
2:09 of 1st period - Shot Misses the Net.
2:15 of 1st period - Shot by Tim Connolly.
2:15 of 1st period - Shot Misses the Net.
2:27 of 1st period - Shot by Vinny Prospal.
2:27 of 1st period - Stopped by Steve Mason without a rebound.
2:28 of 1st period - Artem Anisimov wins face-off versus Radim Vrbata in Devils zone.
3:17 of 1st period - Icing by Francois Beauchemin.
3:18 of 1st period - Tyler Ennis wins face-off versus Marcel Goc in Rangers zone.
3:28 of 1st period - Shot by Marcel Goc.
3:28 of 1st period - Stopped by Tomas Vokoun without a rebound.
3:29 of 1st period - Saku Koivu wins face-off versus Jiri Hudler in Rangers zone.
3:59 of 1st period - Minor Penalty to R.J. Umberger for Tripping.
4:00 of 1st period - Radim Vrbata wins face-off versus Marcel Goc in Devils zone.
4:01 of 1st period - Shot by Bryan Allen.
4:01 of 1st period - Shot Misses the Net.
5:16 of 1st period - Shot by Daniel Alfredsson.
5:16 of 1st period - Shot Blocked by Niklas Hjalmarsson.
5:20 of 1st period - Shot by Stephane Robidas.
5:20 of 1st period - Stopped by Steve Mason with a rebound.
5:58 of 1st period - David Perron is hit by Vladimir Sobotka and loses puck.
6:29 of 1st period - Minor Penalty to Rob Scuderi for High sticking.
6:30 of 1st period - Frans Nielsen wins face-off versus Saku Koivu in Rangers zone.
6:49 of 1st period - Shot by Nikita Nikitin.
6:49 of 1st period - Stopped by Tomas Vokoun without a rebound.
6:50 of 1st period - Frans Nielsen wins face-off versus Mark Letestu in Rangers zone.
7:12 of 1st period - Icing by James van Riemsdyk.
7:13 of 1st period - Jim Slater wins face-off versus Mark Letestu in Devils zone.
7:31 of 1st period - Shot by Brad Stuart.
7:31 of 1st period - Goal by Brad Stuart - Rangers : 1 - Devils : 1.
7:32 of 1st period - Vinny Prospal wins face-off versus Saku Koivu in neutral zone.
8:03 of 1st period - Shot by David Perron.
8:03 of 1st period - Deflect By Daniel Alfredsson.
8:03 of 1st period - Stopped by Steve Mason without a rebound.
8:04 of 1st period - Tyler Ennis wins face-off versus Marcel Goc in Devils zone.
8:05 of 1st period - Shot by Radim Vrbata.
8:05 of 1st period - Shot Misses the Net.
8:07 of 1st period - Shot by Radim Vrbata.
8:07 of 1st period - Stopped by Steve Mason with a rebound.
8:13 of 1st period - Shot by Radim Vrbata.
8:13 of 1st period - Stopped by Steve Mason without a rebound.
8:14 of 1st period - Artem Anisimov wins face-off versus Tyler Ennis in Devils zone.
8:59 of 1st period - Icing by Francois Beauchemin.
9:00 of 1st period - Tyler Ennis wins face-off versus Saku Koivu in Rangers zone.
9:52 of 1st period - Shot by David Perron.
9:52 of 1st period - Stopped by Steve Mason without a rebound.
9:53 of 1st period - Jiri Hudler wins face-off versus Marcel Goc in Devils zone.
10:46 of 1st period - Patrick Eaves is hit by Vinny Prospal and loses puck.
10:52 of 1st period - Nikita Nikitin is hit by Bryan Allen and loses puck.
11:31 of 1st period - Icing by Roman Hamrlik.
11:32 of 1st period - Tyler Ennis wins face-off versus Vladimir Sobotka in Devils zone.
11:51 of 1st period - Shot by Tyler Ennis.
11:51 of 1st period - Shot Misses the Net.
12:14 of 1st period - Ilya Kovalchuk is hit by Lubomir Visnovsky and loses puck.
12:28 of 1st period - Chris Kunitz is hit by Roman Hamrlik and loses puck.
12:30 of 1st period - Minor Penalty to Lubomir Visnovsky for Interference.
12:31 of 1st period - Saku Koivu wins face-off versus Vinny Prospal in Devils zone.
12:31 of 1st period - Saku Koivu is hit by Vinny Prospal.
13:11 of 1st period - Daniel Alfredsson is hit by Matthew Lombardi.
13:17 of 1st period - Shot by Ilya Kovalchuk.
13:17 of 1st period - Goal by Ilya Kovalchuk - Rangers : 2 - Devils : 1.
13:18 of 1st period - Artem Anisimov wins face-off versus Jiri Hudler in neutral zone.
13:51 of 1st period - Shot by Mark Letestu.
13:51 of 1st period - Stopped by Tomas Vokoun with a rebound.
14:25 of 1st period - Daniel Alfredsson is hit by Brad Stuart and loses puck.
14:34 of 1st period - Vinny Prospal is hit by R.J. Umberger and loses puck.
14:45 of 1st period - Shot by Jordan Leopold.
14:45 of 1st period - Shot Blocked by Ryan OByrne.
14:47 of 1st period - Shot by Tim Connolly.
14:47 of 1st period - Shot Blocked by Marc Staal.
14:49 of 1st period - Shot by Jordan Leopold.
14:49 of 1st period - Shot Blocked by Ryan OByrne.
14:51 of 1st period - Shot by Jordan Leopold.
14:51 of 1st period - Stopped by Tomas Vokoun without a rebound.
14:52 of 1st period - Ilya Kovalchuk wins face-off versus Marcel Goc in Rangers zone.
15:00 of 1st period - Icing by Roman Hamrlik.
15:01 of 1st period - Marcel Goc wins face-off versus Tyler Ennis in Devils zone.
15:05 of 1st period - Icing by Lubomir Visnovsky.
15:06 of 1st period - Tyler Ennis wins face-off versus Marcel Goc in Devils zone.
16:23 of 1st period - Bryan Allen is hit by Matthew Lombardi.
17:19 of 1st period - Brad Stuart is hit by Travis Moen.
17:24 of 1st period - Jordan Leopold is hit by Ryan OByrne.
17:55 of 1st period - Chris Kunitz is hit by Brad Stuart and loses puck.
18:00 of 1st period - Shot by Chris Kunitz.
18:00 of 1st period - Stopped by Steve Mason without a rebound.
18:01 of 1st period - Artem Anisimov wins face-off versus Tyler Ennis in Devils zone.
18:10 of 1st period - Shot by Rob Scuderi.
18:10 of 1st period - Shot Misses the Net.
18:15 of 1st period - Ilya Kovalchuk is hit by Niklas Hjalmarsson and loses puck.
18:20 of 1st period - Shot by Tyler Ennis.
18:20 of 1st period - Stopped by Steve Mason without a rebound.
18:21 of 1st period - David Perron wins face-off versus Vladimir Sobotka in Devils zone.
19:13 of 1st period - Icing by Stephane Robidas.
19:14 of 1st period - Vinny Prospal wins face-off versus Artem Anisimov in Rangers zone.

2nd period


0:01 of 2nd period - Tyler Ennis wins face-off versus Saku Koivu in neutral zone.
0:28 of 2nd period - Shot by Saku Koivu.
0:28 of 2nd period - Shot Misses the Net.
0:35 of 2nd period - Tim Connolly is hit by Francois Beauchemin and loses puck.
0:46 of 2nd period - Shot by Radim Vrbata.
0:46 of 2nd period - Stopped by Steve Mason without a rebound.
0:47 of 2nd period - Chris Kunitz wins face-off versus Artem Anisimov in Devils zone.
1:00 of 2nd period - Shot by Lubomir Visnovsky.
1:00 of 2nd period - Shot Misses the Net.
1:31 of 2nd period - Icing by Ryan OByrne.
1:32 of 2nd period - Marcel Goc wins face-off versus Jiri Hudler in Rangers zone.
1:37 of 2nd period - Shot by Marcel Goc.
1:37 of 2nd period - Stopped by Tomas Vokoun without a rebound.
1:38 of 2nd period - Ilya Kovalchuk wins face-off versus Saku Koivu in Rangers zone.
1:44 of 2nd period - Off-side.
1:45 of 2nd period - Radim Vrbata wins face-off versus Saku Koivu in neutral zone.
1:54 of 2nd period - Shot by Tyler Ennis.
1:54 of 2nd period - Shot Misses the Net.
2:04 of 2nd period - Shot by Saku Koivu.
2:04 of 2nd period - Stopped by Tomas Vokoun without a rebound.
2:05 of 2nd period - Vinny Prospal wins face-off versus Artem Anisimov in Rangers zone.
2:07 of 2nd period - Icing by Daniel Alfredsson.
2:08 of 2nd period - Saku Koivu wins face-off versus Vinny Prospal in Rangers zone.
2:08 of 2nd period - Minor Penalty to Bryan Allen for Tripping.
2:09 of 2nd period - Frans Nielsen wins face-off versus Saku Koivu in Rangers zone.
2:49 of 2nd period - Shot by R.J. Umberger.
2:49 of 2nd period - Stopped by Tomas Vokoun with a rebound.
2:51 of 2nd period - Shot by Jordan Leopold.
2:51 of 2nd period - Goal by Jordan Leopold - Rangers : 2 - Devils : 2.
2:52 of 2nd period - Marcel Goc wins face-off versus Tyler Ennis in neutral zone.
3:40 of 2nd period - Off-side.
3:41 of 2nd period - Saku Koivu wins face-off versus Vinny Prospal in neutral zone.
3:44 of 2nd period - Shot by R.J. Umberger.
3:44 of 2nd period - Stopped by Tomas Vokoun without a rebound.
3:45 of 2nd period - Saku Koivu wins face-off versus Daniel Alfredsson in Rangers zone.
3:47 of 2nd period - Tim Connolly is hit by Stephane Robidas and loses puck.
4:14 of 2nd period - Shot by Saku Koivu.
4:14 of 2nd period - Stopped by Tomas Vokoun without a rebound.
4:15 of 2nd period - Jiri Hudler wins face-off versus Artem Anisimov in Rangers zone.
4:22 of 2nd period - Artem Anisimov is hit by Chris Kunitz and loses puck.
4:37 of 2nd period - Shot by James van Riemsdyk.
4:37 of 2nd period - Shot Misses the Net.
4:59 of 2nd period - Niklas Hjalmarsson is hit by Bryan Allen and loses puck.
5:23 of 2nd period - Shot by Tim Connolly.
5:23 of 2nd period - Stopped by Tomas Vokoun with a rebound.
5:25 of 2nd period - Shot by R.J. Umberger.
5:25 of 2nd period - Stopped by Tomas Vokoun without a rebound.
5:26 of 2nd period - Radim Vrbata wins face-off versus Vladimir Sobotka in Rangers zone.
6:35 of 2nd period - Tim Connolly is hit by Stephane Robidas and loses puck.
6:40 of 2nd period - Shot by Brad Stuart.
6:40 of 2nd period - Shot Misses the Net.
6:42 of 2nd period - Shot by Jordan Leopold.
6:42 of 2nd period - Goal by Jordan Leopold - Rangers : 2 - Devils : 3.
6:43 of 2nd period - Vinny Prospal wins face-off versus Artem Anisimov in neutral zone.
6:56 of 2nd period - Off-side.
6:57 of 2nd period - Jim Slater wins face-off versus Saku Koivu in neutral zone.
8:25 of 2nd period - Artem Anisimov is hit by Ryan OByrne and loses puck.
8:38 of 2nd period - Lubomir Visnovsky is hit by Marc Staal and loses puck.
9:24 of 2nd period - Icing by Ryan Jones.
9:25 of 2nd period - Jiri Hudler wins face-off versus Saku Koivu in Rangers zone.
9:43 of 2nd period - Icing by Stephane Robidas.
9:44 of 2nd period - Marcel Goc wins face-off versus Jiri Hudler in Rangers zone.
9:52 of 2nd period - Icing by Chris Kunitz.
9:53 of 2nd period - Tim Connolly wins face-off versus Jiri Hudler in Rangers zone.
10:04 of 2nd period - Shot by Saku Koivu.
10:04 of 2nd period - Stopped by Tomas Vokoun with a rebound.
10:49 of 2nd period - Off-side.
10:50 of 2nd period - Marcel Goc wins face-off versus Tyler Ennis in neutral zone.
11:17 of 2nd period - Icing by Radim Vrbata.
11:18 of 2nd period - Artem Anisimov wins face-off versus Tyler Ennis in Rangers zone.
11:53 of 2nd period - Shot by James van Riemsdyk.
11:53 of 2nd period - Stopped by Tomas Vokoun without a rebound.
11:54 of 2nd period - Saku Koivu wins face-off versus Vinny Prospal in Rangers zone.
11:54 of 2nd period - Saku Koivu is hit by Ryan OByrne.
12:21 of 2nd period - Shot by Vinny Prospal.
12:21 of 2nd period - Stopped by Steve Mason with a rebound.
12:23 of 2nd period - Shot by David Perron.
12:23 of 2nd period - Goal by David Perron - Rangers : 3 - Devils : 3.
12:24 of 2nd period - Frans Nielsen wins face-off versus Marcel Goc in neutral zone.
12:50 of 2nd period - Icing by Francois Beauchemin.
12:51 of 2nd period - Saku Koivu wins face-off versus Frans Nielsen in Rangers zone.
12:54 of 2nd period - Shot by Saku Koivu.
12:54 of 2nd period - Stopped by Tomas Vokoun without a rebound.
12:55 of 2nd period - Saku Koivu wins face-off versus Ilya Kovalchuk in Rangers zone.
13:12 of 2nd period - Off-side.
13:13 of 2nd period - Vladimir Sobotka wins face-off versus Vinny Prospal in neutral zone.
14:38 of 2nd period - Icing by Tim Connolly.
14:39 of 2nd period - Saku Koivu wins face-off versus Frans Nielsen in Devils zone.
15:18 of 2nd period - Shot by Jim Slater.
15:18 of 2nd period - Stopped by Steve Mason with a rebound.
15:20 of 2nd period - Shot by Marc Staal.
15:20 of 2nd period - Stopped by Steve Mason without a rebound.
15:21 of 2nd period - Artem Anisimov wins face-off versus Tyler Ennis in Devils zone.
15:26 of 2nd period - Bryan Allen is hit by James van Riemsdyk and loses puck.
16:26 of 2nd period - Shot by Marcel Goc.
16:26 of 2nd period - Shot Misses the Net.
16:37 of 2nd period - Matthew Lombardi is hit by Bryan Allen and loses puck.
16:42 of 2nd period - Shot by Marcel Goc.
16:42 of 2nd period - Shot Misses the Net.
16:44 of 2nd period - Shot by Patrick Eaves.
16:44 of 2nd period - Goal by Patrick Eaves - Rangers : 3 - Devils : 4.
16:45 of 2nd period - Vinny Prospal wins face-off versus Vladimir Sobotka in neutral zone.
17:14 of 2nd period - Shot by Vladimir Sobotka.
17:14 of 2nd period - Shot Misses the Net.
17:25 of 2nd period - Minor Penalty to Roman Hamrlik for Tripping.
17:25 of 2nd period - Minor Penalty to Daniel Alfredsson for Hooking.
17:26 of 2nd period - Marcel Goc wins face-off versus Jiri Hudler in Devils zone.
18:04 of 2nd period - Icing by Marcel Goc.
18:05 of 2nd period - Marcel Goc wins face-off versus Tyler Ennis in Devils zone.
18:12 of 2nd period - Shot by Marcel Goc.
18:12 of 2nd period - Goal by Marcel Goc - Rangers : 3 - Devils : 5.
18:12 of 2nd period - Jean-Sebastien Giguere enters game.
18:13 of 2nd period - Tyler Ennis wins face-off versus Josh Bailey in neutral zone.
18:49 of 2nd period - Josh Bailey is hit by Stephane Robidas.
19:15 of 2nd period - Shot by Marcel Goc.
19:15 of 2nd period - Stopped by Jean-Sebastien Giguere with a rebound.
19:17 of 2nd period - Shot by Patrick Eaves.
19:17 of 2nd period - Shot Misses the Net.
19:19 of 2nd period - Shot by Marcel Goc.
19:19 of 2nd period - Shot Blocked by Radim Vrbata.
19:21 of 2nd period - Shot by Patrick Eaves.
19:21 of 2nd period - Shot Misses the Net.
19:43 of 2nd period - Shot by Saku Koivu.
19:43 of 2nd period - Stopped by Jean-Sebastien Giguere without a rebound.
19:44 of 2nd period - Artem Anisimov wins face-off versus Jiri Hudler in Rangers zone.
19:55 of 2nd period - Shot by James van Riemsdyk.
19:55 of 2nd period - Shot Blocked by Jiri Hudler.

3rd period


0:01 of 3rd period - Tyler Ennis wins face-off versus Saku Koivu in neutral zone.
0:08 of 3rd period - Shot by Tyler Ennis.
0:08 of 3rd period - Shot Misses the Net.
0:18 of 3rd period - Shot by Jordan Leopold.
0:18 of 3rd period - Shot Blocked by Stephane Robidas.
0:23 of 3rd period - R.J. Umberger is hit by Francois Beauchemin.
0:35 of 3rd period - Shot by Brad Stuart.
0:35 of 3rd period - Stopped by Jean-Sebastien Giguere with a rebound.
0:44 of 3rd period - Tim Connolly is hit by Stephane Robidas and loses puck.
1:09 of 3rd period - Shot by Mark Letestu.
1:09 of 3rd period - Stopped by Jean-Sebastien Giguere without a rebound.
1:10 of 3rd period - Marcel Goc wins face-off versus Jiri Hudler in Rangers zone.
1:13 of 3rd period - Shot by Matthew Lombardi.
1:13 of 3rd period - Stopped by Jean-Sebastien Giguere without a rebound.
1:14 of 3rd period - Matthew Lombardi wins face-off versus Vinny Prospal in Rangers zone.
2:43 of 3rd period - Bryan Allen is hit by Mark Letestu and loses puck.
3:02 of 3rd period - Shot by Artem Anisimov.
3:02 of 3rd period - Stopped by Jean-Sebastien Giguere with a rebound.
3:04 of 3rd period - Shot by Jordan Leopold.
3:04 of 3rd period - Stopped by Jean-Sebastien Giguere without a rebound.
3:05 of 3rd period - Tyler Ennis wins face-off versus Saku Koivu in Rangers zone.
3:12 of 3rd period - Icing by Saku Koivu.
3:13 of 3rd period - Tyler Ennis wins face-off versus Saku Koivu in Devils zone.
3:13 of 3rd period - Ilya Kovalchuk is hit by Nikita Nikitin and loses puck.
3:25 of 3rd period - Nikita Nikitin is hit by Stephane Robidas and loses puck.
3:30 of 3rd period - Shot by R.J. Umberger.
3:30 of 3rd period - Shot Misses the Net.
3:47 of 3rd period - Tyler Ennis is hit by Nikita Nikitin and loses puck.
3:48 of 3rd period - Tyler Ennis from Rangers is injured at 3:48 of 3rd period (Sports Hernia).
3:49 of 3rd period - Jiri Hudler wins face-off versus Artem Anisimov in Devils zone.
3:52 of 3rd period - Shot by Jiri Hudler.
3:52 of 3rd period - Stopped by Steve Mason without a rebound.
3:53 of 3rd period - Jiri Hudler wins face-off versus Artem Anisimov in Devils zone.
3:53 of 3rd period - Jiri Hudler is hit by Brad Stuart.
4:02 of 3rd period - Minor Penalty to Brad Stuart for Holding Stick.
4:03 of 3rd period - Jiri Hudler wins face-off versus Marcel Goc in Devils zone.
4:12 of 3rd period - Shot by Jiri Hudler.
4:12 of 3rd period - Stopped by Steve Mason without a rebound.
4:13 of 3rd period - Marcel Goc wins face-off versus Jiri Hudler in Devils zone.
5:50 of 3rd period - Shot by Bryan Allen.
5:50 of 3rd period - Shot Blocked by Patrick Eaves.
6:04 of 3rd period - Shot by Jim Slater.
6:04 of 3rd period - Shot Misses the Net.
6:07 of 3rd period - Icing by Nikita Nikitin.
6:08 of 3rd period - Artem Anisimov wins face-off versus Frans Nielsen in Devils zone.
6:24 of 3rd period - Shot by Artem Anisimov.
6:24 of 3rd period - Stopped by Jean-Sebastien Giguere without a rebound.
6:25 of 3rd period - Jiri Hudler wins face-off versus Matt DAgostini in Rangers zone.
6:34 of 3rd period - Shot by Chris Kunitz.
6:34 of 3rd period - Stopped by Steve Mason with a rebound.
6:35 of 3rd period - Minor Penalty to Chris Kunitz for Holding.
6:36 of 3rd period - Saku Koivu wins face-off versus Frans Nielsen in Rangers zone.
6:37 of 3rd period - Shot by Jordan Leopold.
6:37 of 3rd period - Stopped by Jean-Sebastien Giguere with a rebound.
6:51 of 3rd period - Shot by Artem Anisimov.
6:51 of 3rd period - Shot Misses the Net.
7:05 of 3rd period - Shot by Saku Koivu.
7:05 of 3rd period - Stopped by Jean-Sebastien Giguere without a rebound.
7:06 of 3rd period - Mark Letestu wins face-off versus Frans Nielsen in Rangers zone.
7:07 of 3rd period - Shot by Lubomir Visnovsky.
7:07 of 3rd period - Shot Misses the Net.
7:19 of 3rd period - Shot by Brad Stuart.
7:19 of 3rd period - Goal by Brad Stuart - Rangers : 3 - Devils : 6.
7:20 of 3rd period - David Perron wins face-off versus Marcel Goc in neutral zone.
7:28 of 3rd period - Ilya Kovalchuk is hit by Lubomir Visnovsky and loses puck.
7:44 of 3rd period - Shot by Radim Vrbata.
7:44 of 3rd period - Stopped by Steve Mason without a rebound.
7:45 of 3rd period - Saku Koivu wins face-off versus Jiri Hudler in Devils zone.
8:23 of 3rd period - Shot by Saku Koivu.
8:23 of 3rd period - Stopped by Jean-Sebastien Giguere without a rebound.
8:24 of 3rd period - Artem Anisimov wins face-off versus David Perron in Rangers zone.
8:53 of 3rd period - Shot by Artem Anisimov.
8:53 of 3rd period - Stopped by Jean-Sebastien Giguere without a rebound.
8:54 of 3rd period - Frans Nielsen wins face-off versus Marcel Goc in Rangers zone.
9:21 of 3rd period - Off-side.
9:22 of 3rd period - Saku Koivu wins face-off versus David Perron in neutral zone.
10:19 of 3rd period - James van Riemsdyk is hit by Stephane Robidas and loses puck.
11:10 of 3rd period - Shot by Jiri Hudler.
11:10 of 3rd period - Goal by Jiri Hudler - Rangers : 4 - Devils : 6.
11:11 of 3rd period - Marcel Goc wins face-off versus Frans Nielsen in neutral zone.
12:20 of 3rd period - Shot by Jordan Leopold.
12:20 of 3rd period - Shot Misses the Net.
12:22 of 3rd period - Shot by Saku Koivu.
12:22 of 3rd period - Shot Misses the Net.
13:00 of 3rd period - Shot by Ilya Kovalchuk.
13:00 of 3rd period - Stopped by Steve Mason without a rebound.
13:01 of 3rd period - Vladimir Sobotka wins face-off versus David Perron in Devils zone.
13:01 of 3rd period - Vladimir Sobotka is hit by David Perron.
13:08 of 3rd period - Off-side.
13:09 of 3rd period - Mark Letestu wins face-off versus David Perron in neutral zone.
13:09 of 3rd period - Mark Letestu is hit by David Perron.
13:17 of 3rd period - Icing by Stephane Robidas.
13:18 of 3rd period - David Perron wins face-off versus Vladimir Sobotka in Rangers zone.
14:01 of 3rd period - Shot by Ilya Kovalchuk.
14:01 of 3rd period - Stopped by Steve Mason with a rebound.
14:26 of 3rd period - Off-side.
14:27 of 3rd period - Vinny Prospal wins face-off versus Saku Koivu in neutral zone.
14:41 of 3rd period - Shot by Saku Koivu.
14:41 of 3rd period - Stopped by Jean-Sebastien Giguere without a rebound.
14:42 of 3rd period - Artem Anisimov wins face-off versus Chris Kunitz in Rangers zone.
14:48 of 3rd period - Jiri Hudler is hit by Nikita Nikitin and loses puck.
14:57 of 3rd period - Shot by Jiri Hudler.
14:57 of 3rd period - Shot Misses the Net.
14:59 of 3rd period - Shot by Rob Scuderi.
14:59 of 3rd period - Shot Blocked by Niklas Hjalmarsson.
15:01 of 3rd period - Shot by Ryan Jones.
15:01 of 3rd period - Stopped by Steve Mason without a rebound.
15:02 of 3rd period - David Perron wins face-off versus Saku Koivu in Devils zone.
15:25 of 3rd period - Shot by Brad Stuart.
15:25 of 3rd period - Shot Blocked by Stephane Robidas.
15:32 of 3rd period - Icing by Stephane Robidas.
15:33 of 3rd period - David Perron wins face-off versus Artem Anisimov in Rangers zone.
15:58 of 3rd period - Shot by James van Riemsdyk.
15:58 of 3rd period - Stopped by Jean-Sebastien Giguere with a rebound.
16:17 of 3rd period - Icing by Ryan OByrne.
16:18 of 3rd period - Jiri Hudler wins face-off versus Saku Koivu in Rangers zone.
16:20 of 3rd period - Icing by Ryan OByrne.
16:21 of 3rd period - Saku Koivu wins face-off versus Jiri Hudler in Rangers zone.
16:33 of 3rd period - Icing by Marc Staal.
16:34 of 3rd period - Jiri Hudler wins face-off versus Marcel Goc in Rangers zone.
17:11 of 3rd period - Shot by Ryan Jones.
17:11 of 3rd period - Stopped by Steve Mason with a rebound.
18:21 of 3rd period - Icing by Francois Beauchemin.
18:22 of 3rd period - Artem Anisimov wins face-off versus Vinny Prospal in Rangers zone.
18:27 of 3rd period - Shot by Lubomir Visnovsky.
18:27 of 3rd period - Stopped by Jean-Sebastien Giguere without a rebound.
18:28 of 3rd period - Artem Anisimov wins face-off versus Vinny Prospal in Rangers zone.
18:37 of 3rd period - Shot by James van Riemsdyk.
18:37 of 3rd period - Shot Misses the Net.
18:44 of 3rd period - Radim Vrbata is hit by Roman Hamrlik and loses puck.
19:02 of 3rd period - Minor Penalty to Lubomir Visnovsky for Interference.
19:03 of 3rd period - Marcel Goc wins face-off versus Jiri Hudler in Devils zone.
19:32 of 3rd period - Shot by Daniel Alfredsson.
19:32 of 3rd period - Shot Misses the Net.


Output by the SimonT Hockey Simulator (STHS) for Stephane Roy -- Original Page W3C XHTML 1.0 Valid
Hockey Simulator - Hockey Simulation - Hockey Manager